 Dungeon Crawl Stone Soup version 0.26-a0-40-gfe7b5d5a6f (webtiles) character file.

Game seed: 10885386750327102889, levelgen mode: deterministic

2687 Baz the Firebug (level 9, -3/92 HPs)
             Began as an Ogre Fire Elementalist on May 31, 2020.
             Was a Follower of Vehumet.
             Slain by a two-headed ogre
             ... wielding a +0 giant spiked club
              (30 damage)
             ... on level 8 of the Dungeon.
             The game lasted 00:20:57 (9392 turns).

Baz the Firebug (Ogre Fire Elementalist)            Turns: 9392, Time: 00:20:57

Health: -3/92      AC:  5    Str: 14    XL:     9   Next: 64%
Magic:  18/18      EV: 10    Int: 19    God:    Vehumet [*.....]
Gold:   420        SH:  0    Dex:  9    Spells: 7/20 levels left

rFire    . . .     SeeInvis .   k - +2 dagger (holy)
rCold    . . .     Gourm    .   (no shield)
rNeg     . . .     Faith    .   a - +0 robe
rPois    .         Spirit   .   n - +1 hat
rElec    .         Reflect  .   o - +0 cloak
rCorr    .         Harm     .   (gloves unavailable)
MR       .....                  (boots unavailable)
Stlth    +.........             (no amulet)
HPRegen  0.25/turn              (no ring)
MPRegen  0.16/turn              (no ring)

@: no status effects
A: large, unfitting armour, tough skin 1
a: Renounce Religion


You were on level 8 of the Dungeon.
You worshipped Vehumet.
Vehumet was aware of your devotion.
You were not hungry.

You visited 2 branches of the dungeon, and saw 9 of its levels.

You collected 420 gold pieces.

Inventory:

Hand Weapons
 h - a +0 spear
 k - a +2 dagger of holy wrath (weapon)
Missiles
 H - 3 curare-tipped darts (quivered)
Armour
 a - a +0 robe (worn)
 m - a +0 kite shield
 n - a +1 hat (worn)
 o - a +0 cloak (worn)
Jewellery
 t - an uncursed amulet of faith {unknown}
 x - an uncursed amulet of reflection {unknown}
 C - an uncursed ring of poison resistance {unknown}
Wands
 y - a wand of clouds (6)
 A - a wand of acid (8)
 F - a wand of paralysis (12)
 J - a wand of flame (16)
Scrolls
 b - 4 scrolls of teleportation {unknown}
 d - 12 scrolls of identify {unknown}
 e - 3 scrolls of noise {unknown}
 i - 3 scrolls of amnesia {unknown}
 l - 3 scrolls of fear {unknown}
 q - 2 scrolls of blinking {unknown}
 r - 5 scrolls of remove curse {unknown}
 s - a scroll of fog {unknown}
 w - a scroll of enchant weapon {unknown}
 z - a scroll of random uselessness {unknown}
 E - a scroll of magic mapping {unknown}
 G - a scroll of silence {unknown}
Potions
 f - a potion of mutation {unknown}
 g - 3 potions of might {unknown}
 j - 3 potions of curing
 p - 3 potions of heal wounds {unknown}
 u - a potion of haste {unknown}
 v - a potion of lignification {unknown}
 B - a potion of degeneration {unknown}
 D - 2 potions of brilliance {unknown}
 I - a potion of ambrosia {unknown}
Comestibles
 c - 12 rations


   Skills:
 + Level 6.7 Fighting
 - Level 1.7 Dodging
 - Level 1.4 Stealth
 + Level 6.1 Spellcasting
 * Level 6.8 Conjurations
 * Level 7.4 Fire Magic


You had 7 spell levels left.
You knew the following spells:

 Your Spells              Type           Power        Failure   Level  Hunger
a - Foxfire               Conj/Fire      ####         1%          1    None
b - Sticky Flame          Conj/Fire      ####....     6%          4    ####...
c - Conjure Flame         Conj/Fire      ####....     1%          3    ##.....
d - Fireball              Conj/Fire      ####......   17%         5    #####..

Your spell library contained the following spells:

 Spells                   Type           Power        Failure   Level  Hunger
 Freeze                   Ice            #...         11%         1    None
 Inner Flame              Hex/Fire       ###.....     8%          3    ##.....


Dungeon Overview and Level Annotations

Branches:
Dungeon (8/15)             Temple (1/1) D:4
   Lair: D:8-11

Altars:
Ashenzari
Cheibriados
Dithmenos
Elyvilon
Fedhas
Gozag
Hepliaklqana
Kikubaaqudgha
Makhleb
Nemelex Xobeh
Okawaru
Qazlal
Ru
Sif Muna
Trog
Uskayaw
Vehumet
Wu Jian
Xom
Yredelemnul
Zin
The Shining One

Annotations:
D:4 Edmund
D:8 Maurice


Innate Abilities, Weirdness & Mutations

You are too large for most types of armour.
You have tough skin. (AC +1)


Message History

Maurice mumbles some strange words.
Maurice blinks!
Found a tubular ruby ring.
Okay, then.
Maurice shouts, "HAHA!"
Maurice says to you, "Money or life?
Never mind, I think I'll take both."
All of the chunks of flesh in your inventory have rotted away.
Maurice gestures wildly while chanting.
Maurice flickers and vanishes!
Deactivating autopickup; reactivate with Ctrl-A.
Things that are here:
a +0 glaive; a +0 animal skin You hear a zap.
A puff of flame appears from out of thin air!
The puff of flame hits you!
* * * LOW HITPOINT WARNING * * *
There is a stone staircase leading up, spattered with blood here.
The two-headed ogre closely misses you.
The two-headed ogre hits you with a +0 giant spiked club!!
You die...

....##. #.... .......
.... ....... #...
....... .###... .......
.......## .......
........# ##.......
........###........
.......@#.......##.
.......O....#....#
.......O(..##....#
........H###..##...
.##......K.##...##..#..=
..##...###..............
........#..............
.....##.#....>........
#..#.#........##....#


You could see a two-headed ogre, a hippogriff, a big kobold and an ogre.

Vanquished Creatures
  Grum (D:8)
  A water moccasin (D:7)
  2 orc warriors
  2 ice beasts
  A sky beast (D:7)
  3 ogres
  4 wolves
  2 centaurs
  A big kobold (D:5)
  A bullfrog (D:7)
  A scorpion (D:8)
  3 crimson imps
  A centaur zombie (D:4)
  3 hounds
  2 jellies
  8 orc wizards
  3 orc priests (D:6)
  2 centaur skeletons
  2 bullfrog skeletons
  2 iguanas
  Terence (D:3)
  3 worker ants
  A worker ant zombie (D:5)
  Robin (D:2)
  A howler monkey skeleton (D:8)
  3 gnolls (D:3)
  7 adders
  2 adder skeletons
  2 worms
  2 dart slugs (D:1)
  4 leopard geckos
  11 orcs
  7 bats
  4 giant cockroaches
  9 goblins
  7 hobgoblins
  6 jackals
  9 kobolds
  A quokka (D:3)
  A ball python (D:1)
  5 frilled lizards
  8 rats
140 creatures vanquished.

Vanquished Creatures (others)
  602 foxfires
602 creatures vanquished.

Grand Total: 742 creatures vanquished

Notes
Turn   | Place    | Note
-------+----------+-------------------------------------------
     0 | D:1      | Baz the Ogre Fire Elementalist began the quest for the Orb.
     0 | D:1      | Reached XP level 1. HP: 16/16 MP: 3/3
    58 | D:1      | Reached skill level 1 in Conjurations
   237 | D:1      | Reached XP level 2. HP: 26/26 MP: 0/5
   441 | D:1      | Reached skill level 1 in Fighting
   446 | D:1      | Reached skill level 3 in Fire Magic
   746 | D:1      | Reached XP level 3. HP: 33/33 MP: 4/7
  1363 | D:2      | Noticed Robin
  1398 | D:2      | Killed Robin
  1606 | D:2      | Found a shattered altar of Ashenzari.
  1911 | D:2      | Reached XP level 4. HP: 42/42 MP: 8/8
  2157 | D:3      | Learned a level 4 spell: Sticky Flame
  2161 | D:3      | Learned a level 3 spell: Conjure Flame
  2400 | D:3      | Noticed Terence
  2475 | D:3      | Reached XP level 5. HP: 42/49 MP: 1/9
  2635 | D:3      | Killed Terence
  3236 | D:4      | Reached skill level 4 in Fire Magic
  3302 | D:4      | Noticed Edmund
  3445 | D:4      | Reached XP level 6. HP: 59/59 MP: 4/11
  3461 | D:4      | Found a staircase to the Ecumenical Temple.
  3489 | Temple   | Entered the Ecumenical Temple
  3788 | Temple   | Became a worshipper of Vehumet
  4495 | D:5      | Entered Level 5 of the Dungeon
  4554 | D:5      | Reached XP level 7. HP: 39/67 MP: 5/12
  5075 | D:5      | Learned a level 5 spell: Fireball
  5295 | D:5      | Reached skill level 5 in Fire Magic
  5861 | D:5      | Reached XP level 8. HP: 25/79 MP: 12/14
  6526 | D:6      | Reached skill level 5 in Conjurations
  6793 | D:6      | Reached skill level 5 in Fighting
  7101 | D:6      | Reached skill level 6 in Fire Magic
  7138 | D:6      | Reached * piety under Vehumet
  7138 | D:6      | Offered knowledge of Freeze by Vehumet.
  7138 | D:6      | Reached skill level 5 in Spellcasting
  7503 | D:7      | Reached XP level 9. HP: 89/89 MP: 12/17
  8586 | D:7      | Reached skill level 7 in Fire Magic
  8852 | D:8      | Noticed Grum
  9157 | D:8      | Killed Grum
  9336 | D:8      | Noticed Maurice
  9369 | D:8      | Noticed a two-headed ogre
  9392 | D:8      | Slain by a two-headed ogre

Illustrated notes

Levels and vault maps discovered:
D:1:      sevenhm_arrival_forest_fort_small_6, layout_rooms, nrook_campfire
D:2:      layout_basic, lemuel_coloured_pillars_altar, uniq_robin
D:3:      layout_rooms, first_ration, grunt_decor_fettered, uniq_terence
D:4:      layout_loops_cross, minmay_temple_entry_grid, serial_rivers,
          chequers_serial_rivers_large_a, chequers_serial_rivers_micro_d,
          chequers_serial_rivers_marsh, chequers_serial_rivers_micro_a,
          chequers_serial_rivers_micro_e, chequers_serial_rivers_room_a,
          uniq_edmund
D:5:      minmay_clustersquares, layout_rooms
D:6:      layout_basic
D:7:      layout_cave_pools
D:8:      layout_cave_pools, hangedman_ranch [blue_anna_fruit_fields],
          minmay_manual_maat, uniq_maurice, uniq_grum
Temple:   nicolae_temple_the_god_donut

Skill      XL: |  1  2  3  4  5  6  7  8  9 |
---------------+----------------------------+-----
Conjurations   | 1 2 3 4 5 6 |  6.8
Fighting       | 1 2 3 4 5 6 |  6.7
Fire Magic     | 3 4 5 6 7 |  7.4
Spellcasting   | 3 4 5 6 |  6.1
Dodging        | |  1.7
Stealth        | |  1.4

Action                   |  1- 3 |  4- 6 |  7- 9 || total
-------------------------+-------+-------+-------++-------
Melee: Unarmed           |    33 |       |       ||    33
       Spear             |     4 |       |       ||     4
       Dagger            |     2 |    37 |    86 ||   125
 Cast: Foxfire           |    66 |    99 |   194 ||   359
       Conjure Flame     |       |     5 |     5 ||    10
       Sticky Flame      |       |       |     6 ||     6
  Use: Potion            |       |     1 |       ||     1
 Stab: Sleeping          |     1 |       |     3 ||     4
  Eat: Chunk             |     3 |     6 |    13 ||    22
       Ration            |       |     1 |     1 ||     2
Armor: Robe              |    19 |    24 |    43 ||    86
Dodge: Dodged            |    30 |    41 |    77 ||   148

Table legend:
 A = Non-vault XP
 B = Vault XP
 C = Vault XP percentage of total XP
 D = Non-vault monster count
 E = Vault monster count
 F = Vault count percentage of total count
                 A         B        C        D         E       F
            +---------+---------+-------+---------+---------+-------
      Total |    2880 |     959 |  25.0 |     121 |      19 |  13.6
            +---------+---------+-------+---------+---------+-------
        D:1 |      40 |       0 |   0.0 |      20 |       0 |   0.0
        D:2 |      15 |      27 |  64.3 |       9 |       7 |  43.8
        D:3 |     150 |      36 |  19.4 |      28 |       1 |   3.4
        D:4 |     273 |       0 |   0.0 |       6 |       0 |   0.0
        D:5 |     476 |     215 |  31.1 |      18 |       5 |  21.7
        D:6 |     745 |       0 |   0.0 |      20 |       0 |   0.0
        D:7 |    1110 |     227 |  17.0 |      18 |       2 |  10.0
        D:8 |      71 |     454 |  86.5 |       2 |       4 |  66.7
            +---------+---------+-------+---------+---------+-------
